 Dungeon Crawl Stone Soup version 0.31.0-9-g3a7656b989 (webtiles) character file.

Game seed: 6735096587829667341

7134 GordonOverkill the Cleaver (level 10, -2/81 HPs)
             Began as a Demigod Gladiator on Jan 24, 2024.
             Slain by a two-headed ogre
             ... wielding a +0 giant club
              (10 damage)
             ... on level 10 of the Dungeon.
             The game lasted 00:18:43 (13961 turns).

GordonOverkill the Cleaver (Demigod Gladiator)     Turns: 13961, Time: 00:18:43

Health: -2/81      AC: 20    Str: 27    XL:     10   Next: 55%
Magic:  13/13      EV:  9    Int: 10    God:
Gold:   472        SH:  0    Dex: 15    Spells: 9/9 levels left

rFire   . . .        a - +1 war axe (drain)
rCold   . . .        (no shield)
rNeg    + . .        d - +0 plate armour
rPois   +            c - +2 helmet
rElec   .            B - scarf {shadows}
rCorr   .            i - +0 pair of gloves
SInv    .            t - +0 pair of boots
Will    +....        (no amulet) Stlth
                     h - ring of poison resistance
HPRegen 0.33/turn    n - ring of positive energy
MPRegen 0.13/turn

%: no passive effects
@: hasted, very quick
A: high MP 1, forlorn, divine attributes
a: no special abilities


You were on level 10 of the Dungeon.
You visited 1 branch of the dungeon, and saw 10 of its levels.
You also visited: Ossuary.

You collected 472 gold pieces.

Inventory:

Hand Weapons
 a - a +1 war axe of draining (weapon)
 e - a +2 mace of protection
 r - a +0 trident of venom
Missiles
 b - a boomerang
 q - a throwing net (quivered)
 x - 4 javelins
Armour
 c - a +2 helmet (worn)
 d - a +0 plate armour (worn)
 i - a +0 pair of gloves (worn)
 l - a +1 ring mail of willpower
 t - a +0 pair of boots (worn)
 B - a scarf of shadows (worn)
Jewellery
 h - a ring of poison resistance (left hand)
 m - a ring of willpower
 n - a ring of positive energy (right hand)
Wands
 D - a wand of flame (18)
Scrolls
 f - a scroll of enchant weapon
 j - 4 scrolls of teleportation
 p - a scroll of brand weapon
 s - a scroll of butterflies
 u - 3 scrolls of immolation
 w - a scroll of vulnerability
Potions
 k - 2 potions of curing
 o - a potion of might


   Skills:
 - Level 5.0 Fighting
 + Level 10.6 Axes
 - Level 1.7 Throwing
 - Level 10.0 Armour
 - Level 2.6 Dodging
 - Level 3.0 Evocations


You had 9 spell levels left.
You didn't know any spells.
Your spell library contained the following spells:

 Spells                   Type           Power      Damage    Failure   Level
 Sandblast                Erth           0%         2d4       97%         1
 Sting                    Conj/Alch      0%         1d3       97%         1
 Cigotuvi's Dreadful Rot  Necr/Alch/Air  0%         N/A       99%         2
 Mercury Vapours          Alch/Air       0%         N/A       99%         2
 Frozen Ramparts          Ice            0%         1d1       100%        3
 Passwall                 Erth           0%         N/A       100%        3
 Stone Arrow              Conj/Erth      0%         3d7       100%        3
 Summon Ice Beast         Ice/Summ       0%         N/A       100%        3
 Brom's Barrelling Bould  Conj/Erth      0%         2d3       100%        4
 Dispel Undead            Necr           0%         3d6       100%        4
 Leda's Liquefaction      Alch/Erth      0%         N/A       100%        4
 Martyr's Knell           Necr/Summ      0%         N/A       100%        4
 Olgreb's Toxic Radiance  Alch           0%         N/A       100%        4
 Petrify                  Alch/Erth      0%         N/A       100%        4
 Metabolic Englaciation   Hex/Ice        0%         N/A       100%        5
 Summon Mana Viper        Hex/Summ       0%         N/A       100%        5
 Death Channel            Necr           0%         N/A       100%        6
 Monstrous Menagerie      Summ           0%         N/A       100%        7
 Chain Lightning          Conj/Air       0%         N/A       100%        9
 Fire Storm               Conj/Fire      0%         5d1       100%        9
 Shatter                  Erth           0%         3d5*      100%        9


Dungeon Overview and Level Annotations

Branches:
Dungeon (10/15)            Temple (0/1) D:4            Lair (0/5) D:8
Ossuary (visited)
    Orc: D:9-12

Shops:
D:8 :

Portals:
Abyss: D:5

Annotations:
D:5 2 transporters, sanka's ghost, novice TrMo


Innate Abilities, Weirdness & Mutations

You have an increased reservoir of magic. (+10% MP)
You shall have no god before yourself.
Your divine heritage dramatically boosts your attributes as you level up.


Message History

You hit the orc warrior.
You kill the orc warrior!
Things that are here:
a +0 flail; a +0 chain mail; an orc corpse HP restored.
o - a potion of might You open the door.
There is an open door here.
A two-headed ogre comes into view.
It is wielding a +0 giant club and a +0 giant spiked club.
The two-headed ogre shouts in stereo!
A two-headed ogre is nearby!
A two-headed ogre is nearby!
A two-headed ogre is nearby!
Throw: 2 throwing nets
Press: ? - help, Q - select action, (/) - cycle Shift-Dir - straight line, f - two-headed ogre
Aim: a two-headed ogre, wielding a +0 giant club and a +0 giant spiked club (73% to hit)
You throw a throwing net.
The throwing net closely misses the two-headed ogre.
The two-headed ogre hits you with a +0 giant club!!
The two-headed ogre hits you with a +0 giant spiked club!
* * * LOW HITPOINT WARNING * * *
Aiming: Paralyse
Press: ? - help, Shift-Dir - straight line, f/p - two-headed ogre
Aim: a two-headed ogre, wielding a +0 giant club and a +0 giant spiked club (chance to affect: 38%)
The two-headed ogre resists with some effort.
The two-headed ogre hits you with a +0 giant club.
* * * LOW HITPOINT WARNING * * *
The two-headed ogre hits you with a +0 giant spiked club!
* * * LOW HITPOINT WARNING * * *
Aiming: Paralyse
Press: ? - help, Shift-Dir - straight line, f/p - two-headed ogre
Aim: a two-headed ogre, wielding a +0 giant club and a +0 giant spiked club (chance to affect: 38%)
The two-headed ogre resists with some effort.
The now-empty wand crumbles to dust.
Okay, then.
You feel yourself speed up.
The two-headed ogre hits you with a +0 giant club!!
* * * LOW HITPOINT WARNING * * *
The two-headed ogre hits you with a +0 giant spiked club!
You die...

...............#.....#...)......
...............#.....#..########
#####..........#.....#..#
#.######...#.....#..# #.
#...#.....#..# #...#.....#..#
#...'.....+... +...#######%..
#...@O....( .............
.............. ..............
.............. .........####.
.....####


You could see a two-headed ogre.

Vanquished Creatures
  A two-headed ogre (D:8)
  A troll (D:9)
  3 hornets
  4 wyverns (D:8)
  Eustachio (D:5)
  4 yaks (D:8)
  A warg (D:8)
  A water moccasin (D:6)
  3 black bears
  A hornet zombie (D:7)
  3 ice beasts (D:7)
  5 orc warriors
  A sky beast (D:7)
  An ogre (D:4)
  2 wolves (D:8)
  3 centaurs
  A phantom (D:4)
  A kobold brigand (D:8)
  4 elf zombies (Ossuary)
  2 bullfrogs
  3 scorpions
  6 wights
  3 howler monkeys (D:9)
  A bombardier beetle (D:7)
  A centaur zombie (Ossuary)
  2 human zombies (Ossuary)
  3 jellies
  3 hounds
  10 orc priests
  A sleepcap (D:5)
  3 iguanas
  Terence (D:2)
  9 orc wizards
  2 crocodile zombies (Ossuary)
  A killer bee zombie (D:7)
  2 spectral hounds (Ossuary)
  4 mummies (Ossuary)
  A howler monkey zombie (D:7)
  4 gnolls (D:5)
  3 adders
  3 hound simulacra (Ossuary)
  2 shadow imps (D:6)
  2 white imps
  6 ufetubi
  2 spectral adders (Ossuary)
  3 spectral gnolls (Ossuary)
  3 dart slugs
  3 ribbon worms
  3 adder simulacra (Ossuary)
  31 orcs
  7 endoplasms
  6 giant cockroaches
  6 gnoll zombies (Ossuary)
  6 hobgoblins
  4 jackals (D:1)
  3 quokkas
  5 ball pythons
  8 bats
  4 frilled lizards
  2 gnoll simulacra (Ossuary)
  10 goblins
  3 jackal simulacra (Ossuary)
  8 kobolds
  7 kobold zombies (Ossuary)
  3 orc zombies (Ossuary)
  8 rats
  A spectral jackal (Ossuary)
255 creatures vanquished.

Notes
Turn   | Place    | Note
-------+----------+-------------------------------------------
     0 | D:1      | GordonOverkill the Demigod Gladiator began the quest for
                  | the Orb.
     0 | D:1      | Reached XP level 1. HP: 17/17 MP: 3/3
   465 | D:1      | Reached XP level 2. HP: 24/24 MP: 4/4
   880 | D:1      | Reached XP level 3. HP: 23/29 MP: 5/5
  1800 | D:2      | Noticed Terence
  1813 | D:2      | Killed Terence
  1814 | D:2      | Reached XP level 4. HP: 21/36 MP: 6/6
  3003 | D:3      | Reached skill level 5 in Axes
  3489 | D:4      | Reached XP level 5. HP: 31/41 MP: 7/7
  3530 | D:4      | Found a staircase to the Ecumenical Temple.
  3605 | D:4      | Found a sand-covered staircase.
  3654 | D:4      | Noticed an ogre
  3683 | Ossuary  | Entered an ossuary
  4140 | Ossuary  | Reached XP level 6. HP: 47/48 MP: 8/8
  4712 | Ossuary  | Reached XP level 7. HP: 46/57 MP: 9/9
  5320 | D:4      | Reached skill level 5 in Fighting
  5397 | D:4      | Reached skill level 1 in Armour
  5720 | D:5      | Entered Level 5 of the Dungeon
  6117 | D:5      | Found a transporter.
  6134 | D:5      | Noticed sanka's ghost (novice TrMo)
  6137 | D:5      | Found a transporter.
  6180 | D:4      | Reached XP level 8. HP: 50/68 MP: 10/10
  6476 | D:5      | Identified the +0 robe of Lucidity {Int+3}
  6657 | D:5      | Found a one-way gate to the infinite horrors of the Abyss.
  6708 | D:5      | Noticed Eustachio
  6751 | D:4      | Reached skill level 5 in Armour
  7260 | D:5      | Killed Eustachio
  9129 | D:7      | Reached XP level 9. HP: 65/74 MP: 11/11
 10504 | D:8      | Reached skill level 10 in Armour
 10542 | D:8      | Found a staircase to the Lair.
 10628 | D:8      | Noticed a two-headed ogre
 10659 | D:8      | Killed a two-headed ogre
 10846 | D:8      | Found Zuluc's Book Boutique.
 11045 | D:8      | Reached XP level 10. HP: 81/81 MP: 13/13
 12295 | D:9      | HP: 2/81 [orc warrior/+0 glaive (12)]
 12302 | D:9      | Reached skill level 10 in Axes
 12350 | D:9      | Reached skill level 1 in Evocations
 13847 | D:10     | Entered Level 10 of the Dungeon
 13956 | D:10     | Noticed a two-headed ogre
 13961 | D:10     | Slain by a two-headed ogre

Illustrated notes

Levels and vault maps discovered:
D:1:      dpeg_arrival_subterranean_lakeside_camping, layout_basic,
          minmay_unequal
D:2:      layout_rooms, uniq_terence
D:3:      layout_rooms, nemelex_altar_shiori, minivault_27,
          minmay_fractal_squares_5
D:4:      layout_loops_cross, minmay_temple_entry_arrows,
          nicolae_ossuary_entry_plus, ebering_dispersal_statue_hall,
          nicolae_concentric_dashed_squares_mild, columned_hall_lemuel,
          corexii_checkpoint
D:5:      layout_cave_pods, grunt_gozag_breadcrumbs,
          gammafunk_temple_overflow_pools, gammafunk_ghost_abyssal_escape,
          uniq_eustachio
D:6:      layout_basic, xom_butterflies, nrook_pool_corridor
D:7:      layout_basic, mainiacjoe_overflow_boulevard, serial_undead,
          serial_undead_f, serial_undead_e, serial_undead_b, serial_undead_a,
          hangedman_glass_teeth
D:8:      layout_loops_cross, erik_lair_orcish_takeover, serial_shops, shop
D:9:      layout_basic
D:10:     gammafunk_beogh_shrine, layout_irregular_city, david_orc_4,
          uniq_nergalle, uniq_sonja, uniq_harold

Skill      XL: |  1  2  3  4  5  6  7  8  9 10 |
---------------+-------------------------------+-----
Axes           | 3 4 5 6 7 8 10 | 10.6
Fighting       | 3 5 |  5.0
Armour         | 4 7 10 | 10.0
Evocations     | 3 |  3.0
Throwing       | |  1.7
Dodging        | |  2.6

Action                     |  1- 3 |  4- 6 |  7- 9 | 10-12 || total
---------------------------+-------+-------+-------+-------++-------
  Melee: War axe           |   130 |   271 |   406 |   149 ||   956
         Punch             |     3 |     4 |     7 |       ||    14
  Throw: Throwing net      |     3 |       |       |     1 ||     4
         Boomerang         |       |    10 |    10 |    11 ||    31
  Evoke: Wand              |       |       |    10 |     6 ||    16
    Use: Scroll            |     1 |     3 |    14 |     1 ||    19
         Potion            |     1 |     1 |     8 |    10 ||    20
   Stab: Paralysed         |       |       |     6 |     3 ||     9
 Armour: Leather armour    |    82 |       |       |       ||    82
         Ring mail         |    13 |   191 |   431 |    58 ||   693
         Skin              |       |       |     5 |     8 ||    13
         Plate armour      |       |       |       |    73 ||    73
  Dodge: Dodged            |   117 |   161 |   388 |   103 ||   769
